Map: Ephemeron LE

Players

Jason

  • Race: Terran Terran
  • League: Grandmaster
  • Spawn Location: 5:00

Clem - Winner!

  • Race: Terran Terran
  • Spawn Location: 11:00

VOD

Have the link to the VOD?

Description

Time

  • Played on: Jan. 6, 2020, 7:14 p.m.
  • Length: 9:10
Show
View Real Time Build Order
Export as new Build Order

Jason Terran 

Build Orders: Gas First Reaper Expand, Liberator Opening 

Get SALT Encoding   

  12  0:00  SCV  
  13  0:12  SCV  
  14  0:17  Supply Depot  
  14  0:24  SCV  
  14  0:28  Refinery  
  15  0:39  SCV  
  16  0:44  Barracks  
  16  0:51  SCV  
  17  1:03  SCV  
  18  1:15  SCV  
  19  1:31  Orbital Command  
  19  1:32  Reaper  
  20  1:44  Command Center  
  20  1:55  Factory  
  20  1:59  SCV  
  21  2:06  Barracks Reactor  
  21  2:10  Supply Depot  
  21  2:13  SCV  
  22  2:19  Refinery  
  22  2:25  SCV  
  23  2:38  SCV  
  23  2:42  Starport  
  24  2:47  Hellion  
  24  2:48  Hellion  
  24  2:50  Barracks Tech Lab  
  28  2:52  SCV  
  29  3:00  Orbital Command  
  29  3:03  Liberator  
  29  3:10  Hellion  
  31  3:13  Hellion  
  31  3:15  SCV  
  37  3:27  SCV  
  37  3:28  SCV  
  37  3:34  Hellion  
  41  3:36  Hellion  
  43  3:41  SCV  
  43  3:42  SCV  
  43  3:44  Supply Depot  
  45  3:49  Refinery  
  45  3:52  Supply Depot  
  45  3:53  SCV  
  46  4:05  Marine x2  
  46  4:06  Cyclone, SCV  
  46  4:07  Starport Tech Lab  
  52  4:10  SCV  
  51  4:18  SCV  
  51  4:22  SCV  
  51  4:23  Marine x2  
  55  4:26  Raven  
  55  4:27  Supply Depot  
  48  4:46  Siege Tank  
  48  4:47  Marine  
  48  4:48  Marine  
  51  4:53  SCV x2  
  51  4:58  Command Center  
  53  5:05  SCV x2  
  55  5:07  Supply Depot, Marine x2  
  57  5:16  Raven  
  57  5:17  SCV  
  57  5:19  SCV  
  61  5:22  Supply Depot  
  61  5:23  Siege Tank  
  61  5:26  Marine x2  
  66  5:29  SCV  
  66  5:31  SCV  
  68  5:37  Supply Depot  
  68  5:42  SCV  
  69  5:43  Marine, SCV  
  69  5:44  Marine  
  69  5:46  Supply Depot  
  69  5:49  Supply Depot  
  72  5:54  SCV  
  72  5:55  SCV  
  74  5:58  Refinery, Siege Tank  
  77  6:06  SCV  
  77  6:07  SCV  
  77  6:09  Viking x2  
  83  6:11  Marine  
  83  6:12  Orbital Command, Stimpack  
  83  6:18  SCV  
  85  6:19  SCV  
  86  6:31  Siege Tank  
  82  6:34  Marine  
  82  6:35  Orbital Command  
  82  6:39  SCV x2  
  80  6:43  Viking x2  
  84  6:47  Barracks  
  84  6:48  Barracks  
  84  6:51  Marine, SCV x2  
  87  6:58  Barracks  
  87  6:59  Barracks  
  87  7:00  SCV  
  88  7:03  SCV  
  88  7:06  Siege Tank  
  92  7:09  Marine  
  92  7:10  SCV  
  92  7:12  SCV  
  92  7:15  Engineering Bay x2  
  95  7:18  Viking  
  95  7:21  Viking  
  99  7:23  SCV  
  99  7:25  SCV x2  
  102  7:35  SCV  
  102  7:37  SCV  
  104  7:42  Siege Tank  
  104  7:44  Marine, SCV  
  109  7:45  Barracks Reactor x2  
  109  7:46  Barracks Reactor  
  109  7:48  SCV  
  109  7:50  SCV  
  104  7:59  Marine  
  104  8:01  Marine  
  104  8:04  Viking  
  88  8:06  SCV x2  
  88  8:07  SCV  
  88  8:08  Refinery  
  88  8:09  Refinery  
  87  8:14  Siege Tank  
  87  8:17  Marine  
  87  8:18  SCV x2  
  87  8:19  SCV  
  88  8:21  Viking  
  88  8:22  Marine x5  
  88  8:23  Marine  
  92  8:28  Supply Depot  
  92  8:30  Supply Depot, SCV  
  93  8:34  Supply Depot  
  93  8:35  Supply Depot, Marine x2  
  93  8:38  Missile Turret  
  95  8:42  Missile Turret  
  91  8:49  Marine x2  
  82  8:58  SCV  
Show
View Real Time Build Order
Export as new Build Order

Clem Terran - Winner!

Build Orders:  

Get SALT Encoding   

  12  0:00  SCV  
  13  0:13  SCV  
  14  0:17  Supply Depot  
  14  0:26  SCV  
  15  0:29  Refinery  
  15  0:39  SCV  
  16  0:45  Barracks  
  16  0:51  SCV  
  16  0:55  Refinery  
  17  1:03  SCV  
  18  1:15  SCV  
  19  1:31  Orbital Command  
  19  1:33  Factory  
  19  1:35  Reaper  
  20  1:44  Supply Depot  
  20  1:57  SCV  
  21  2:07  Reaper  
  22  2:09  SCV  
  23  2:17  Hellion  
  25  2:26  Command Center  
  25  2:28  SCV  
  26  2:36  Starport  
  26  2:41  Hellion  
  28  2:44  Barracks Reactor  
  28  2:47  SCV  
  29  2:52  Supply Depot  
  29  3:00  SCV  
  29  3:02  Factory Tech Lab  
  30  3:15  Medivac  
  30  3:16  SCV  
  33  3:21  Marine x2  
  33  3:26  Siege Tank  
  38  3:27  Refinery  
  38  3:30  SCV  
  39  3:38  Orbital Command  
  39  3:41  Marine x2  
  39  3:44  SCV  
  42  3:55  Supply Depot  
  42  3:56  SCV  
  42  4:00  Marine x2  
  45  4:03  Raven  
  45  4:04  Factory Tech Lab  
  45  4:07  SCV  
  45  4:09  SCV  
  48  4:22  Marine x2  
  48  4:23  SCV x2  
  52  4:26  Cyclone  
  52  4:30  Supply Depot  
  55  4:35  SCV x2  
  50  4:47  Marine x2  
  50  4:48  SCV  
  50  4:51  Raven  
  50  4:52  SCV  
  53  5:00  SCV  
  53  5:03  Siege Tank  
  53  5:04  SCV  
  58  5:07  Marine x2  
  58  5:10  Supply Depot  
  58  5:12  SCV  
  61  5:16  SCV  
  62  5:24  SCV  
  63  5:30  SCV, Command Center  
  64  5:36  Siege Tank  
  64  5:42  Supply Depot  
  67  5:43  Viking x2  
  67  5:47  Marine, Stimpack  
  67  5:49  SCV  
  73  5:51  SCV  
  73  5:55  Refinery  
  74  5:59  Supply Depot  
  74  6:08  Siege Tank  
  74  6:09  Marine  
  74  6:10  Barracks, SCV  
  74  6:11  SCV  
  80  6:17  Barracks  
  79  6:19  Viking  
  79  6:24  SCV  
  82  6:27  Marine  
  82  6:29  SCV  
  73  6:36  Viking  
  73  6:37  SCV  
  69  6:43  Orbital Command  
  69  6:45  Marine  
  69  6:46  SCV  
  71  6:49  Siege Tank  
  71  6:52  Viking  
  76  6:54  SCV  
  76  6:57  Barracks Reactor  
  76  6:58  SCV  
  78  7:03  Orbital Command  
  78  7:05  Barracks Reactor  
  78  7:08  SCV  
  79  7:13  Marine  
  79  7:14  Engineering Bay x2  
  79  7:15  Viking  
  82  7:20  SCV  
  83  7:23  Siege Tank  
  83  7:28  Supply Depot  
  86  7:30  SCV x2  
  86  7:33  Marine  
  89  7:39  Marine  
  89  7:40  Marine  
  89  7:42  Combat Shield  
  91  7:48  Marine x2  
  91  7:50  Medivac  
  95  7:51  Marine  
  95  7:55  SCV  
  91  7:59  Marine x2  
  91  8:03  SCV  
  88  8:06  Marine  
  88  8:07  Siege Tank, Marine  
  88  8:09  Marine, SCV  
  88  8:11  Medivac  
  97  8:16  SCV  
  97  8:17  Marine x2  
  94  8:21  SCV  
  94  8:24  Marine  
  94  8:25  Marine  
  97  8:27  Marine  
  97  8:29  SCV x2  
  97  8:30  Supply Depot  
  97  8:31  Barracks x2  
  97  8:34  Refinery x2  
  100  8:35  Armory  
  100  8:37  Marine x2  
  105  8:48  Marine  
  101  8:56  SCV  
  101  9:00  Barracks  
  101  9:01  Supply Depot, Barracks x2  
Tags
 
Add a new tag
Caveats
  • Supply blocks, unpowered buildings, or Contaminate may cause inaccurate times.
  • Supply counts are checked every 10 seconds.